 Dungeon Crawl Stone Soup version 0.30-a0-1018-g25214051b3 (webtiles) character file.

Game seed: 1739985418082804554

16 greenreed the Conjurer (level 2, 0/19 HPs)
             Began as a Demonspawn Conjurer on Apr 7, 2023.
             Slain by an adder (2 damage)
             ... on level 2 of the Dungeon.
             The game lasted 00:01:40 (1365 turns).

greenreed the Conjurer (Demonspawn Conjurer)        Turns: 1365, Time: 00:01:41

Health: 0/19       AC:  3    Str:  7    XL:     2   Next: 41%
Magic:  1/5        EV: 12    Int: 19    God:
Gold:   110        SH:  4    Dex: 11    Spells: 1/5 levels left

rFire   . . .      SeeInvis .    i - staff of poison
rCold   . . .      Faith    .    (no shield)
rNeg    . . .      Spirit   .    a - +0 robe
rPois   +          Reflect  .    j - +0 helmet
rElec   .          Rampage  .    (no cloak)
rCorr   .                        (no gloves)
Will    .....                    (no boots)
Stlth   ++                       (no amulet)
HPRegen 0.23/turn                (no ring)
MPRegen 0.09/turn                (no ring)

@: no status effects
A: large bone plates 1
a: no special abilities


You were on level 2 of the Dungeon.
You visited 1 branch of the dungeon, and saw 2 of its levels.

You collected 110 gold pieces.

Inventory:

Armour
 a - a +0 robe (worn)
 j - a +0 helmet (worn)
Magical Staves
 i - a staff of poison (weapon)
Scrolls
 e - a scroll of magic mapping {unknown}
 g - 3 scrolls of identify {unknown}
 h - 2 scrolls of vulnerability {unknown}
Potions
 b - a potion of magic
 c - a potion of berserk rage {unknown}
 d - a potion of cancellation {unknown}
 f - 2 potions of resistance {unknown}


   Skills:
 + Level 2.0 Dodging
 - Level 2.0 Stealth
 * Level 2.3 Spellcasting
 * Level 4.2 Conjurations


You had one spell level left.
You knew the following spells:

 Your Spells              Type           Power      Damage    Failure   Level
a - Magic Dart            Conj           72%        1d6       3%          1
b - Searing Ray           Conj           36%        2d5       4%          2
c - Slow                  Hex            8%         N/A       17%         1

Your spell library contained the following spells:

 Spells                   Type           Power      Damage    Failure   Level
 Dazzling Flash           Conj/Hex       20%        N/A       21%         3
 Confusing Touch          Hex            2%         N/A       45%         3
 Vampiric Draining        Necr           2%         2d6       45%         3
 Fulminant Prism          Conj/Hex       5%         3d6       56%         4
 Iskenderun's Mystic Bla  Conj/Tloc      10%        2d4       56%         4


Dungeon Overview and Level Annotations

Branches:
Dungeon (2/15)

Altars:


Innate Abilities, Weirdness & Mutations

You are partially covered in large bone plates. (SH +4)


Message History

The adder is lightly wounded.
You feel sick. The adder bites you. The adder closely misses you.
You are too injured to fight recklessly!
You hit the adder.
The adder is heavily wounded.
You feel sick.
You are no longer poisoned.
The adder bites you but does no damage.
You closely miss the adder.
The adder is moderately wounded.
The adder bites you.
A jackal comes into view.
The adder bites you.
* * * LOW HITPOINT WARNING * * *
You miss the adder.
The adder is moderately wounded.
You block the adder's attack.
You miss the adder.
The adder is moderately wounded.
The adder bites you but does no damage. You block the adder's attack.
You closely miss the adder.
The adder is moderately wounded.
A jackal comes into view.
The adder barely misses you.
You barely miss the adder.
The adder is moderately wounded.
The adder bites you but does no damage. The adder bites you.
* * * LOW HITPOINT WARNING * * *
You barely miss the adder.
The adder is moderately wounded.
The adder bites you.
* * * LOW HITPOINT WARNING * * *
You block the adder's attack. You block the jackal's attack.
You barely miss the jackal. The jackal bites you.
* * * LOW HITPOINT WARNING * * *
The adder misses you.
You closely miss the jackal.
The jackal bites you but does no damage.
The adder bites you.
You die...

..# ..# #..
.. ... .# #)#
†. #.#...#
.###S#...#
..#@#...#
#.#h#...#
#.#.#...#
#...#...#
...###.#...#
#..........)#
#########..##
..#######..#
).......#..#


You could see an adder and a jackal.

Vanquished Creatures
  A ball python (D:1)
  3 endoplasms
  2 goblins (D:2)
  3 hobgoblins
  3 jackals
  A kobold (D:2)
13 creatures vanquished.

Notes
Turn   | Place    | Note
-------+----------+-------------------------------------------
     0 | D:1      | greenreed the Demonspawn Conjurer began the quest for the
                  | Orb.
     0 | D:1      | Reached XP level 1. HP: 13/13 MP: 3/3
   855 | D:1      | Gained mutation: You are partially covered in large bone
                  | plates. (SH +4) [demonic ancestry]
   855 | D:1      | Reached XP level 2. HP: 17/19 MP: 0/5
  1180 | D:1      | Learned a level 2 spell: Searing Ray
  1182 | D:1      | Learned a level 1 spell: Slow
  1365 | D:2      | Slain by an adder

Illustrated notes

Levels and vault maps discovered:
D:1:      nzn_arrival_water_spiral, layout_basic, serial_aquarium,
          aquarium_bridge_straight [aquarium_subvault_bridge,
          aquarium_subvault_wall, aquarium_subvault_bridge,
          aquarium_subvault_balcony], aquarium_bridge_long_separate
          [aquarium_subvault_wall, aquarium_subvault_wall,
          aquarium_subvault_bridge, aquarium_subvault_bridge,
          aquarium_subvault_bridge, aquarium_subvault_bridge],
          aquarium_window_fake, aquarium_window_fake, aquarium_window_1,
          aquarium_window_1, aquarium_view_2b, aquarium_view_2e,
          minmay_stone_trees_medium, feat_on_display
D:2:      minmay_general_purpose_star, layout_basic

Skill      XL: |  1 |
---------------+----+-----
Stealth        | 2 |  2.0
Dodging        | 2 |  2.0
Spellcasting   | |  2.3
Conjurations   | |  4.2

Action                     || total
---------------------------++-------
  Melee: Unarmed           ||    17
         Staff             ||    17
         Punch             ||     1
   Cast: Magic Dart        ||    24
         Slow              ||     1
 Armour: Robe              ||     6
  Dodge: Dodged            ||    22
  Block: Other             ||     4

Table legend: (Time is in decaauts)
 A = Elapsed time spent in this place.
 B = Non-inter-level travel time spent in this place.
 C = Inter-level travel time spent in this place.
 D = Time resting spent in this place.
 E = Time spent auto-exploring this place.
 F = Levels seen in this place.
 G = Mean time per level.
                   A        B        C        D        E       F      G
               +--------+--------+--------+--------+--------+-----+--------+
         Total |   1372 |   1278 |     94 |     43 |   1124 |   2 |  686.0 |
       Dungeon |   1372 |   1278 |     94 |     43 |   1124 |   2 |  686.0 |
               +--------+--------+--------+--------+--------+-----+--------+

Top non-repeatable levels by time:
     D:1: 1235 daAuts
     D:2: 136 daAuts
